 Dungeon Crawl Stone Soup version 0.32-a0-875-g23b751d0ae (webtiles) character file.

Game seed: 12237195817833468426

1220 Descartes the Chopper (level 8, -6/70 HPs)
             Began as a Mountain Dwarf Fighter on Mar 31, 2024.
             Killed from afar by Maggie (18 damage)
             ... with a bolt of fire
             ... on level 6 of the Dungeon.
             The game lasted 00:07:20 (6003 turns).

Descartes the Chopper (Mountain Dwarf Fighter)      Turns: 6003, Time: 00:07:21

Health: -6/70      AC: 14    Str: 22    XL:     8   Next: 23%
Magic:  8/8        EV:  7    Int:  8    God:
Gold:   588        SH:  4    Dex:  9    Spells: 4/7 levels left

rFire   . . .        a - +0 war axe
rCold   . . .        c - +0 buckler
rNeg    . . .        t - +0 chain mail
rPois   .            j - +2 helmet {SInv}
rElec   .            p - +0 cloak
rCorr   .            (no gloves)
SInv    +            (no boots)
Will    .....        (no amulet) Stlth
                     (no ring)
HPRegen 0.31/turn    (no ring)
MPRegen 0.11/turn

%: no passive effects
@: mesmerised
A: runic magic, artefact enchanting
a: no special abilities


You were on level 6 of the Dungeon.
You visited 1 branch of the dungeon, and saw 6 of its levels.

You collected 588 gold pieces.

Inventory:

Hand Weapons
 a - a +0 war axe (weapon)
Missiles
 n - 17 poisoned darts (quivered)
 s - 10 boomerangs
Armour
 c - a +0 buckler (worn)
 j - a +2 helmet of see invisible (worn)
 p - a +0 cloak (worn)
 t - a +0 chain mail (worn)
Wands
 k - a wand of polymorph (9)
 o - a wand of flame (33)
Scrolls
 b - a scroll of identify {unknown}
 e - a scroll of teleportation {unknown}
 h - a scroll of brand weapon {unknown}
 i - 3 scrolls of noise {unknown}
 l - 2 scrolls of vulnerability {unknown}
 q - a scroll of blinking {unknown}
 u - 2 scrolls of fear {unknown}
 v - 2 scrolls of amnesia {unknown}
Potions
 d - a potion of might
 f - 2 potions of degeneration
 g - a potion of attraction
 m - 4 potions of curing
 r - a potion of brilliance {unknown}
 w - a potion of lignification {unknown}
 x - 2 potions of magic {unknown}


   Skills:
 + Level 6.1 Fighting
 + Level 6.2 Axes
 + Level 6.2 Armour
 + Level 6.1 Shields
 + Level 1.7 Translocations


You had 4 spell levels left.
You knew the following spells:

 Your Spells              Type           Power      Damage    Failure   Level
a - Teleport Other        Tloc           2%         N/A       77%         3

Your spell library contained the following spells:

 Spells                   Type           Power      Damage    Failure   Level
 Lesser Beckoning         Tloc           4%         N/A       52%         2
 Maxwell's Portable Pile  Tloc           2%         2d(5-10)  99%         4


Dungeon Overview and Level Annotations

Branches:
Dungeon (6/15)
 Temple: D:4-7

Altars:
Ashenzari
Cheibriados
Dithmenos
Elyvilon
Makhleb
Nemelex Xobeh
Qazlal
Ru
Uskayaw
Wu Jian
Zin
Beogh

Shops:
D:4 ?

Annotations:
D:6 Maggie


Innate Abilities, Weirdness & Mutations

Your spellcasting is much less encumbered by armour.
You can use scrolls of enchantment on lesser artefacts.


Message History

Maggie burns you.
You see here a +0 giant spiked club.
You barely miss Maggie. Maggie closely misses you.
You slash Maggie!
Maggie is lightly wounded.
Maggie says, "If you die in the Dungeon, but nobody's around to see it, does it really matter?"
Maggie hits you with a +2 glaive of flaming!
Maggie burns you.
You barely miss Maggie.
Maggie is lightly wounded.
Maggie casts a spell.
Maggie attempts to bespell you!
You are mesmerised by Maggie!
You closely miss Maggie.
Maggie is lightly wounded.
Maggie hits you with a +2 glaive of flaming.
Maggie burns you.
You hit Maggie but do no damage.
Maggie is lightly wounded.
Maggie barely misses you.
Maggie points at you and mumbles some strange words.
The bolt of fire hits you!!
* * * LOW HITPOINT WARNING * * *
You are too injured to fight recklessly!
You are too injured to fight recklessly!
You are too injured to fight recklessly!
You are too injured to fight recklessly!
You are too injured to fight recklessly!
You are too injured to fight recklessly!
You are too injured to fight recklessly!
You are too injured to fight recklessly!
You are too injured to fight recklessly!
You are too injured to fight recklessly!
You are too injured to fight recklessly!
Unknown command.
You hit Maggie.
Maggie is lightly wounded.
Maggie points at you and mumbles some strange words.
The bolt of fire hits you!!
You die...

#..#.. ##
#..#.# ..#
#!... ...
#...##.# #
#...#.# .#
#.<..# ..
#.#.#.#.#
#...##.##..#
###.@@.....#
...............
###############


You could see Maggie (mesmerising).

Vanquished Creatures
  Sigmund (D:2)
  An ice beast (D:4)
  A black bear (D:4)
  An ogre (D:6)
  2 bombardier beetles
  3 orc priests
  Crazy Yiuf (D:2)
  A gnoll bouda (D:5)
  2 iguanas (D:4)
  A sleepcap (D:5)
  4 orc wizards
  Robin (D:3)
  6 adders
  9 gnolls (D:5)
  2 ufetubi (D:5)
  7 ribbon worms
  3 dart slugs
  18 orcs
  5 endoplasms
  2 giant cockroaches
  44 goblins
  41 hobgoblins
  4 jackals
  5 quokkas
  5 ball pythons
  5 bats
  3 frilled lizards
  9 kobolds
  14 rats
201 creatures vanquished.

Notes
Turn   | Place    | Note
-------+----------+-------------------------------------------
     0 | D:1      | Descartes the Mountain Dwarf Fighter began the quest for
                  | the Orb.
     0 | D:1      | Reached XP level 1. HP: 19/19 MP: 1/1
   191 | D:1      | Reached XP level 2. HP: 26/26 MP: 2/2
   727 | D:2      | Reached XP level 3. HP: 14/31 MP: 3/3
  1072 | D:2      | Noticed Sigmund
  1082 | D:2      | Killed Sigmund
  1083 | D:2      | Reached XP level 4. HP: 24/41 MP: 4/4
  1083 | D:2      | Reached XP level 5. HP: 28/47 MP: 5/5
  1312 | D:2      | Found a runed translucent door.
  1313 | D:2      | Noticed Crazy Yiuf
  1497 | D:2      | Killed Crazy Yiuf
  1666 | D:3      | Reached XP level 6. HP: 52/53 MP: 6/6
  2190 | D:3      | Found a snail-covered altar of Cheibriados.
  2479 | D:3      | Reached skill level 5 in Armour
  2565 | D:3      | Noticed Robin
  2587 | D:3      | Reached skill level 5 in Shields
  2592 | D:3      | Killed Robin
  2911 | D:3      | Found an ornate altar of the Wu Jian Council.
  3300 | D:4      | Reached skill level 5 in Fighting
  3360 | D:4      | Found a hide-covered altar of Uskayaw.
  3560 | D:4      | Found a roughly hewn altar of Beogh.
  3581 | D:4      | Reached skill level 5 in Axes
  3581 | D:4      | Reached XP level 7. HP: 52/61 MP: 7/7
  3800 | D:4      | Found Hacruept's Magic Scroll Emporium.
  3952 | D:4      | Learned a level 3 spell: Teleport Other
  4015 | D:4      | Found a broken altar of Ashenzari.
  4092 | D:4      | Found a sparkling altar of Nemelex Xobeh.
  4100 | D:4      | Found a sacrificial altar of Ru.
  4415 | D:5      | Entered Level 5 of the Dungeon
  4441 | D:5      | Found a glowing silver altar of Zin.
  4586 | D:5      | Found a stormy altar of Qazlal.
  4597 | D:5      | Found a white marble altar of Elyvilon.
  4864 | D:5      | Reached skill level 1 in Translocations
  5096 | D:5      | Reached XP level 8. HP: 70/70 MP: 8/8
  5540 | D:5      | Found a shadowy altar of Dithmenos.
  5543 | D:5      | Found a burning altar of Makhleb.
  5992 | D:6      | Noticed Maggie
  6003 | D:6      | Killed from afar by Maggie

Illustrated notes

Levels and vault maps discovered:
D:1:      dpeg_arrival_concentric_ovals, layout_loops_ring, st_stairs_2,
          kennysheep_decorative_pillar, minmay_rat_gold_closets
D:2:      layout_rooms, grunt_ministairs_3, minivault_11, uniq_sigmund,
          uniq_crazy_yiuf_cottage
D:3:      minmay_spotlight, layout_loops_ring, chei_slow_surprise,
          mainiacjoe_overflow_alcove_1, serial_forest,
          infiniplex_forest_side_room, infiniplex_forest_lined_corner,
          infiniplex_forest_clump_small, infiniplex_forest_straight_2,
          infiniplex_forest_end_3, infiniplex_forest_clump_double,
          infiniplex_forest_end_1, uniq_robin
D:4:      layout_loops_ring, mainiacjoe_overflow_24_doors,
          cheibrodos_ashenzari_chains, jmf_multi_god_temple, serial_shops,
          nicolae_diamond_shop, kennysheep_orc_chapel
D:5:      minmay_goblin_kobold_castle, layout_basic,
          mainiacjoe_overflow_cross_hatched, grunt_temple_overflow_open,
          chequers_serial_rivers_marsh
D:6:      layout_basic, tso_altar, serial_shops, nicolae_shop_gaudy_bauble,
          kennysheep_flooded_box, minmay_puff, uniq_maggie, uniq_pikel

Skill      XL: |  1  2  3  4  5  6  7  8 |
---------------+-------------------------+-----
Axes           | 3 4 5 6 |  6.2
Fighting       | 4 5 6 |  6.1
Armour         | 4 5 6 |  6.2
Shields        | 4 5 6 |  6.1
Translocations | 1 |  1.7

Action                     |  1- 3 |  4- 6 |  7- 9 || total
---------------------------+-------+-------+-------++-------
  Melee: War axe           |   112 |   262 |   245 ||   619
    Use: Potion            |       |     3 |       ||     3
 Armour: Scale mail        |    94 |    67 |       ||   161
         Chain mail        |       |   110 |   259 ||   369
  Dodge: Dodged            |    37 |    86 |   115 ||   238
  Block: Buckler           |    22 |    45 |    67 ||   134

Table legend: (Time is in decaauts)
 A = Elapsed time spent in this place.
 B = Non-inter-level travel time spent in this place.
 C = Inter-level travel time spent in this place.
 D = Time resting spent in this place.
 E = Time spent auto-exploring this place.
 F = Levels seen in this place.
 G = Mean time per level.
                   A        B        C        D        E       F      G
               +--------+--------+--------+--------+--------+-----+--------+
         Total |   6195 |   6041 |    154 |      0 |   4771 |   6 | 1032.5 |
       Dungeon |   6195 |   6041 |    154 |      0 |   4771 |   6 | 1032.5 |
               +--------+--------+--------+--------+--------+-----+--------+

Top non-repeatable levels by time:
     D:3: 1665 daAuts
     D:5: 1631 daAuts
     D:4: 1179 daAuts
     D:2: 985 daAuts
     D:1: 719 daAuts
     D:6: 14 daAuts
